 Dungeon Crawl Stone Soup version 0.16-a0-3639-gab560df (webtiles) character file.

164 Stone the Grave Robber (level 5, -7/35 HPs)
             Began as a Mummy Necromancer on Jan 15, 2015.
             Mangled by Phlounder's ghost (13 damage)
             ... on level 3 of the Dungeon.
             The game lasted 00:10:16 (4417 turns).

Stone the Grave Robber (Mummy Necromancer)          Turns: 4417, Time: 00:10:16

Health: -7/35      AC:  5    Str: 11    XL:     5   Next: 21%
Magic:  10/13      EV: 12    Int: 15    God:
Gold:   111        SH:  0    Dex: 12    Spells: 2 memorised, 7 levels left

rFire  x . .     SeeInvis .     d - +1 dagger
rCold  + . .     Clarity  .     i - +2 robe
rNeg   + + +     SustAb   .     (no shield)
rPois  ∞         Gourm    .     (no helmet)
rElec  .         Spirit   .     (no cloak)
rCorr  +         Warding  .     (no gloves)
rMut   .         Stasis   .     l - +0 pair of boots
MR     .....                    c - amulet of resist corrosion
Stlth  ++........               (no ring)
                                (no ring)

@: not resistant to hostile enchantments, unstealthy
A: no food or potions, fire vulnerability, restore body, cold resistance 1,
negative energy resistance 3, poison resistance, torment resistance, unbreathing
a: no special abilities


You were on level 3 of the Dungeon.
You were not hungry.

You visited 1 branch of the dungeon, and saw 3 of its levels.

You collected 111 gold pieces.

Inventory:

Hand weapons
 d - a +1 dagger (weapon)
Missiles
 e - 11 tomahawks (quivered)
 m - a throwing net
Armour
 a - a +0 robe
 i - a +2 robe (worn)
 l - a +0 pair of boots (worn)
 n - a cursed +0 pair of boots
Jewellery
 c - an amulet of resist corrosion (around neck)
Scrolls
 f - a scroll of recharging
 g - a scroll of magic mapping {unknown}
 h - 6 scrolls of identify
 j - 2 scrolls of remove curse
 k - a scroll of teleportation {unknown}
Books
 b - a book of Necromancy

   Spells                             Type                      Level
   a - Pain                           Necromancy                   1
   b - Animate Skeleton               Necromancy                   1
   c - Vampiric Draining              Necromancy                   3
   d - Regeneration                   Charms/Necromancy            3
   e - Animate Dead                   Necromancy                   4
   f - Control Undead                 Necromancy                   4


   Skills:
 - Level 1.5 Dodging
 - Level 1.5 Stealth
 * Level 4.1 Spellcasting
 + Level 5.1 Necromancy


You had 7 spell levels left.
You knew the following spells:

 Your Spells              Type           Power        Failure   Level  Hunger
a - Pain                  Necr           ###.         1%          1    N/A
b - Animate Dead          Necr           N/A          24%         4    N/A

Dungeon Overview and Level Annotations

Branches:
Dungeon (3/15)

Altars:

Annotations:
D:3 Phlounder's ghost, average FoWn


Innate Abilities, Weirdness & Mutations

You do not eat or drink.
Your flesh is vulnerable to fire.
Your flesh is cold resistant.
You are immune to negative energy.
Your system is resistant to poisons.
You are immune to unholy pain and torment.
You can survive without breathing.


Message History

Natasha misses Phlounder's ghost.
You barely miss Phlounder's ghost.
Phlounder's ghost is lightly damaged.
Your kobold zombie barely misses Phlounder's ghost.
Phlounder's ghost closely misses you.
You barely miss Phlounder's ghost.
Phlounder's ghost is lightly damaged.
Natasha misses Phlounder's ghost.
Your hobgoblin zombie hits Phlounder's ghost with a club.
Phlounder's ghost barely misses you.
Your kobold zombie barely misses Phlounder's ghost.
You closely miss Phlounder's ghost.
Phlounder's ghost is lightly damaged.
Phlounder's ghost barely misses you.
Natasha misses Phlounder's ghost.
Your kobold zombie hits Phlounder's ghost but does no damage.
Your hobgoblin zombie completely misses Phlounder's ghost.
You barely miss Phlounder's ghost.
Phlounder's ghost is lightly damaged.
Phlounder's ghost hits you!
You die...

#.....# #.......
....... .......". .
#...........
###########...#.......#
#...........###........
#.......Z..............
#.....@WZ..).##.#....##
#.......Z....##.###....
############..).....##.
###......#...##...
..........##.....##
###.......#.....#
#.)...........##
#.........#(....
##.....##.(#....


You could see Phlounder's ghost, a friendly hobgoblin zombie, a friendly kobold
zombie and the friendly Natasha the felid zombie.

Vanquished Creatures
  Natasha (D:3)
  Jessica (D:2)
  Terence (D:3)
  3 adders (D:2)
  2 gnolls (D:2)
  A worm (D:2)
  3 giant cockroaches (D:2)
  4 goblins
  5 hobgoblins
  7 jackals (D:2)
  6 bats
  2 giant newts
  6 kobolds
  2 quokkas (D:2)
  6 rats
50 creatures vanquished.

Vanquished Creatures (collateral kills)
  2 gnolls (D:2)
  A giant cockroach (D:2)
  A hobgoblin (D:2)
  A kobold (D:2)
  A giant newt (D:2)
  A jackal (D:2)
7 creatures vanquished.

Vanquished Creatures (others)
  A human zombie (D:3)
  2 goblin zombies (D:2)
  A jackal zombie (D:2)
  A kobold zombie (D:2)
  A rat skeleton (D:2)
  A rat zombie (D:2)
7 creatures vanquished.

Grand Total: 64 creatures vanquished

Notes
Turn   | Place    | Note
--------------------------------------------------------------
     0 | D:1      | Stone, the Mummy Necromancer, began the quest for the Orb.
     0 | D:1      | Reached XP level 1. HP: 13/13 MP: 3/3
  1089 | D:1      | Reached XP level 2. HP: 19/19 MP: 1/4
  1764 | D:2      | Reached XP level 3. HP: 24/24 MP: 4/6
  1918 | D:2      | Noticed Jessica
  1922 | D:2      | Killed Jessica
  2194 | D:2      | Reached XP level 4. HP: 30/30 MP: 1/9
  2369 | D:2      | Learned a level 4 spell: Animate Dead
  3726 | D:2      | Reached skill level 5 in Necromancy
  4061 | D:3      | Noticed Terence
  4077 | D:3      | Killed Terence
  4077 | D:3      | Reached XP level 5. HP: 30/35 MP: 0/12
  4122 | D:3      | Noticed Phlounder's ghost (average FoWn)
  4232 | D:3      | Noticed Natasha
  4239 | D:3      | Killed Natasha
  4403 | D:3      | Your ally Terence died
  4417 | D:3      | Mangled by Phlounder's ghost

Action                   |  1- 3 |  4- 6 || total
-------------------------+-------+-------++-------
Melee: Unarmed           |    11 |       ||    11
       Dagger            |    11 |    27 ||    38
 Cast: Pain              |    56 |    46 ||   102
       Animate Dead      |       |    13 ||    13
  Use: Scroll            |     5 |       ||     5
